 Dungeon Crawl Stone Soup version 0.31-a0-1019-g3dd9dd1025 (webtiles) character file.

Game seed: 10270673806003298278

11 Azuregosa the Sneak (level 2, -3/21 HPs)
             Began as an Octopode Delver on Nov 17, 2023.
             Slain by an orc
             ... wielding a +0 whip
              (7 damage)
             ... on level 6 of the Dungeon.
             The game lasted 00:01:37 (134 turns).

Azuregosa the Sneak (Octopode Delver)                Turns: 134, Time: 00:01:38

Health: -3/21      AC:  1    Str: 11    XL:     2   Next: 29%
Magic:  2/2        EV: 13    Int: 12    God:
Gold:   0          SH:  0    Dex: 13    Spells: 1/1 levels left

rFire   . . .        a - +0 short sword
rCold   + . .        (no shield)
rNeg    . . .        (helmet restricted)
rPois   .            (no amulet)
rElec   .            g - ring of protection from cold
rCorr   .            (no ring)
SInv    .            (no ring)
Will    .....        (no ring)
Stlth   ++++         (no ring)
HPRegen 0.23/turn    (no ring)
MPRegen 0.08/turn    (no ring)
                     (no ring)

%: no passive effects
@: no status effects
A: almost no armour, amphibious, 8 rings, camouflage 1, gelatinous body 1,
(nimble swimmer 1), tentacles
a: no special abilities


You were on level 6 of the Dungeon.
You visited 1 branch of the dungeon, and saw 4 of its levels.

Inventory:

Hand Weapons
 a - a +0 short sword (weapon)
Magical Staves
 c - a staff of death
Jewellery
 g - a ring of protection from cold (left tentacle)
Wands
 f - a wand of digging (3)
Scrolls
 b - a scroll of fog
 d - a scroll of fear
 h - a scroll of identify {unknown}
Potions
 e - a potion of haste


   Skills:
 - Level 3.0 Fighting
 - Level 2.0 Short Blades
 - Level 2.0 Dodging
 + Level 7.3 Stealth


You had one spell level left.
You didn't know any spells.
Your spell library was empty.

Dungeon Overview and Level Annotations

Branches:
Dungeon (7/15)
 Temple: D:4-7

Altars:

Annotations:
D:4 Eustachio


Innate Abilities, Weirdness & Mutations

You cannot wear most types of armour.
You are amphibious.
You can wear up to eight rings at the same time.
Your skin changes colour to match your surroundings (Stealth+).
Your rubbery body absorbs attacks. (AC +1, EV +1)
((You are camouflaged when in or above water. (Stealth+)))
You have tentacles for arms and can constrict up to eight enemies at once.


Message History

You climb downwards.
There is a stone staircase leading up here.
There is a stone staircase leading down here.
There is a stone staircase leading down here.
You climb downwards.
There is a stone staircase leading up here.
An orc comes into view. It is wielding a +0 dagger.
The orc shouts!
You hear a shout!
An orc comes into view. It is wielding a +0 whip.
An orc comes into view. It is wielding a +0 hand axe.
There is a stone staircase leading up here.
The orc shouts!
You hear a shout! x2
The orc hits you with a +0 whip.
You climb upwards.
There is a stone staircase leading down here.
You hit the orc. You grab the orc.
The orc is heavily wounded.
You constrict the orc. You hit the orc.
The orc is almost dead.
You constrict the orc.
You kill the orc!
You climb downwards.
The orc shouts!
The orc barely misses you. The orc misses you.
An orc wizard comes into view. It is wielding a +0 dagger.
The orc hits you with a +0 dagger. The orc closely misses you.
There is a stone staircase leading up here.
The orc hits you with a +0 dagger. The orc hits you with a +0 whip.
You climb upwards.
There is a stone staircase leading down here.
You completely miss the orc. Your grab misses the orc.
The orc hits you with a +0 dagger. The orc hits you with a +0 whip.
* * * LOW HITPOINT WARNING * * *
You hit the orc but do no damage. You grab the orc. You constrict the orc.
The orc misses you. The orc closely misses you.
You closely miss the orc. You grab the orc.
You constrict the orc, but do no damage. x2
The orc hits you with a +0 whip!
You die...

#.......##
#........#
##........##
#..........#
#..........#
#..........#
#.........#
#.....oo..#
##....@...#
#....<).##
##......#
##....##
##..## ...#
..### ##


You could see 2 orcs.

Vanquished Creatures
  A worm (D:4)
  A dart slug (D:4)
  2 orcs
  A goblin (D:4)
5 creatures vanquished.

Notes
Turn   | Place    | Note
-------+----------+-------------------------------------------
     0 | D:5      | Azuregosa the Octopode Delver began the quest for the Orb.
     0 | D:5      | Reached XP level 1. HP: 16/16 MP: 1/1
    21 | D:5      | Noticed an orc wizard
    72 | D:4      | Reached skill level 7 in Stealth
    75 | D:4      | Reached XP level 2. HP: 19/21 MP: 2/2
    78 | D:4      | Noticed Eustachio
   134 | D:6      | Slain by an orc

Illustrated notes

Levels and vault maps discovered:
D:4:      layout_cave_pools, portal_sewer_entry_d, minmay_misc_feat_cross,
          uniq_eustachio, uniq_grinder, uniq_menkaure
D:5:      layout_loops_ring, serial_glass, glass_columns_b, glass_columns_a,
          minmay_strange_pillars, feat_on_display, minmay_strange_pillars,
          minmay_manual_mail
D:6:      layout_cave_pods, serial_park_tiny_1
D:7:      layout_rooms, jmf_multi_god_temple, temple_hall

Skill      XL: |  1 |
---------------+----+-----
Stealth        | 7 |  7.3
Fighting       | |  3.0
Short Blades   | |  2.0
Dodging        | |  2.0

Action                     || total
---------------------------++-------
  Melee: Short sword       ||    17
         Constrict         ||     7
         Tentacles         ||     3
    Use: Scroll            ||     1
 Armour: Skin              ||    10
  Dodge: Dodged            ||    10

Table legend: (Time is in decaauts)
 A = Elapsed time spent in this place.
 B = Non-inter-level travel time spent in this place.
 C = Inter-level travel time spent in this place.
 D = Time resting spent in this place.
 E = Time spent auto-exploring this place.
 F = Levels seen in this place.
 G = Mean time per level.
                   A        B        C        D        E       F      G
               +--------+--------+--------+--------+--------+-----+--------+
         Total |    134 |    134 |      0 |      0 |      0 |   4 |   33.5 |
       Dungeon |    134 |    134 |      0 |      0 |      0 |   4 |   33.5 |
               +--------+--------+--------+--------+--------+-----+--------+

Top non-repeatable levels by time:
     D:5: 63 daAuts
     D:4: 44 daAuts
     D:6: 16 daAuts
     D:7: 10 daAuts
